AoeStats
← coys

Lombardia

509567846Analyzed
4v4 RM · 4d ago on Sep 27, 2026· 51m 40s· 8 players
Game mode
Random Map
Map size
Large (8 player)
Population
200
Speed
Normal
Resources
Standard
Victory
Conquest
Starting age
Dark Age
Ending age
Imperial Age
RankedLock teamsTeams togetherTeam positionsShared explorationLock speedFull tech treeHidden civsTurbo modeCheats
Victory
Defeat
🇵🇰 Poles · Pakistan
1305
+12
🇵🇰 Georgians · Pakistan
1276
+14
🇦🇺 Italians · Australia
1217
+16
🇵🇰 Britons · Pakistan
1156
+18
🇨🇳 Britons · China
1250
-16
🇨🇳 Hindustanis · China
1247
-16
🇨🇳 Sicilians · China
1196
-14
🇷🇴 Mongols · Romania
1187
-14
ORANGE汁!!!
6:32 Loom
9:04 Feudal Age
10:46 Double-Bit Axe
12:30 Horse Collar
18:29 Town Watch
21:11 Castle Age
23:48 Bow Saw
23:52 Heavy Plow
27:45 Wheelbarrow
28:43 Hand Cart
33:46 Imperial Age
30:54 Pikeman
31:36 Squires
31:37 Scale Mail Armor
32:15 Forging
31:56 Fletching
32:30 Ballistics
32:21 Masonry
32:08 Murder Holes
32:22 Stone Mining
32:23 Gold Mining
33:22 Chain Mail Armor
33:42 Iron Casting
33:05 Bodkin Arrow
34:20 Town Patrol
35:29 Stone Shaft Mining
35:30 Gold Shaft Mining
36:05 Chemistry
34:54 Arrowslits
35:17 Caravan
35:40 First Crusade
36:24 Plate Mail Armor
36:55 Blast Furnace
36:30 Conscription
36:51 Hoardings
36:38 Bracer
37:03 Arson
36:42 Elite Serjeant
38:04 Hoardings
38:04 Crop Rotation
37:28 Capped Ram
40:45 Siege Ram
迪酒不沾丶
10:02 Feudal Age
12:14 Double-Bit Axe
15:22 Castle Age
13:28 Loom
15:35 Wheelbarrow
19:04 Bow Saw
20:21 Horse Collar
21:34 Town Watch
29:28 Imperial Age
27:18 Heavy Plow
27:28 Gold Mining
29:41 Bloodlines
29:31 Husbandry
29:38 Scale Barding Armor
29:44 Forging
30:18 Hand Cart
29:31 Heavy Camel Rider
30:35 Conscription
30:25 Grand Trunk Road
31:11 Chain Barding Armor
32:19 Two-Man Saw
32:44 Gold Shaft Mining
32:30 Caravan
32:32 Imperial Camel Rider
34:23 Plate Barding Armor
34:24 Iron Casting
37:34 Blast Furnace
37:41 Scale Mail Armor
45:17 Fletching
46:25 Fortified Wall
46:26 Masonry
48:10 Elite Ghulam
49:07 Chain Mail Armor
49:10 Siege Elephant
AestivalCloud79
9:55 Feudal Age
16:01 Castle Age
14:26 Double-Bit Axe
14:52 Horse Collar
15:34 Gold Mining
16:03 Stone Mining
19:24 Loom
21:55 Fletching
23:14 Padded Archer Armor
24:42 Wheelbarrow
24:54 Leather Archer Armor
25:21 Bodkin Arrow
27:07 Ballistics
29:24 Heavy Plow
29:36 Bow Saw
30:04 Gold Shaft Mining
33:19 Imperial Age
31:51 Hand Cart
33:14 Thumb Ring
37:07 Parthian Tactics
37:10 Crossbowman
38:19 Conscription
37:32 Heavy Cavalry Archer
39:42 Bracer
39:48 Scale Barding Armor
39:53 Forging
39:44 Scale Mail Armor
39:46 Light Cavalry
40:27 Husbandry
40:38 Bloodlines
40:26 Hussar
40:52 Capped Ram
43:55 Forging
45:16 Drill
44:24 Siege Ram
46:31 Chain Barding Armor
46:46 Iron Casting
46:35 Elite Skirmisher
48:37 Chain Mail Armor
48:26 Caravan
老头
11:28 Feudal Age
15:51 Castle Age
14:50 Double-Bit Axe
14:49 Horse Collar
19:42 Bow Saw
24:35 Wheelbarrow
24:41 Loom
25:00 Gold Mining
27:06 Hand Cart
29:18 Gold Shaft Mining
29:44 Caravan
30:16 Yeomen
30:24 Stone Mining
30:33 Fletching
30:44 Padded Archer Armor
31:11 Ballistics
34:37 Imperial Age
32:34 Bodkin Arrow
33:16 Heavy Plow
33:59 Leather Archer Armor
33:20 Pikeman
34:01 Squires
33:46 Gambesons
33:47 Arson
34:07 Scale Mail Armor
34:17 Forging
34:44 Elite Longbowman
35:28 Bracer
35:58 Ring Archer Armor
35:41 Halberdier
39:53 Chain Mail Armor
39:48 Forging
40:40 Conscription
43:01 Warwolf
44:38 Plate Mail Armor
44:44 Iron Casting
43:32 Man-at-Arms
44:53 Long Swordsman
45:34 Two-Handed Swordsman
49:09 Chemistry
48:16 Siege Engineers
48:02 Champion
50:31 Blast Furnace
Zuku
9:56 Feudal Age
10:15 Loom
15:02 Castle Age
14:18 Double-Bit Axe
14:15 Horse Collar
17:24 Bow Saw
23:17 Wheelbarrow
25:02 Gold Mining
25:04 Stone Mining
25:49 Ballistics
26:14 Hand Cart
26:56 Stone Shaft Mining
26:38 Heavy Plow
27:40 Fletching
27:43 Guard Tower
28:11 Padded Archer Armor
31:32 Imperial Age
30:03 Town Watch
30:30 Bodkin Arrow
30:17 Treadmill Crane
30:48 Masonry
30:33 Murder Holes
30:49 Fortified Wall
31:26 Svan Towers
31:33 Forging
31:38 Leather Archer Armor
31:57 Scale Barding Armor
32:18 Bracer
32:55 Keep
33:04 Crop Rotation
33:23 Iron Casting
33:37 Fervor
33:31 Town Patrol
34:04 Conscription
34:46 Chemistry
34:49 Chain Barding Armor
34:41 Bloodlines
34:32 Husbandry
33:53 Light Cavalry
34:48 Arrowslits
36:25 Blast Furnace
36:31 Blast Furnace
35:29 Hussar
35:30 Cavalier
36:27 Guilds
37:11 Plate Barding Armor
42:47 Aznauri Cavalry
43:19 Hoardings
44:20 Scale Mail Armor
46:24 Coinage
45:47 Elite Monaspa
47:40 Banking
47:10 Caravan
Out Of Res Once Again
5:02 Loom
9:34 Feudal Age
11:20 Double-Bit Axe
14:49 Horse Collar
19:26 Castle Age
18:15 Gold Mining
21:09 Bow Saw
22:08 Wheelbarrow
22:24 Wheelbarrow
21:52 Fletching
21:31 Crossbowman
23:06 Gold Shaft Mining
23:37 Heavy Plow
24:23 Town Watch
24:59 Padded Archer Armor
25:11 Bodkin Arrow
26:29 Leather Archer Armor
28:47 Ballistics
29:46 Stone Mining
35:00 Imperial Age
34:30 Hand Cart
35:34 Town Patrol
35:54 Bracer
35:53 Arbalester
37:31 Ring Archer Armor
38:30 Chemistry
39:25 Hoardings
40:06 Elite Skirmisher
42:42 Two-Man Saw
42:13 Yeomen
42:17 Conscription
43:03 Fortified Wall
43:39 Guilds
44:06 Coinage
43:40 Caravan
47:35 Banking
52:19 Hoardings
coys
10:58 Feudal Age
9:17 Loom
11:04 Feudal Age
12:37 Double-Bit Axe
13:58 Horse Collar
16:58 Castle Age
19:24 Bow Saw
22:18 Wheelbarrow
23:26 Gold Mining
28:23 Imperial Age
26:33 Szlachta Privileges
26:36 Scale Barding Armor
26:42 Forging
27:47 Chain Barding Armor
28:23 Bloodlines
28:20 Husbandry
28:43 Fletching
30:49 Iron Casting
29:35 Cavalier
31:12 Conscription
33:10 Blast Furnace
34:04 Town Watch
35:58 Chemistry
42:13 Light Cavalry
43:19 Bodkin Arrow
45:46 Winged Hussar
47:42 Lechitic Legacy
aurangzaib.zahoor
8:45 Loom
10:30 Feudal Age
11:30 Double-Bit Axe
11:40 Horse Collar
18:49 Castle Age
20:05 Wheelbarrow
19:44 Bow Saw
19:44 Fletching
27:40 Heavy Plow
28:15 Ballistics
29:42 Bodkin Arrow
30:38 Padded Archer Armor
34:28 Imperial Age
32:20 Leather Archer Armor
31:58 Town Watch
32:57 Hand Cart
33:18 Silk Road
32:57 Stone Mining
33:09 Gold Mining
34:09 Thumb Ring
34:01 Murder Holes
34:17 Masonry
35:09 Stone Shaft Mining
35:14 Bracer
36:27 Two-Man Saw
36:23 Architecture
37:45 Conscription
38:25 Hoardings
38:19 Shipwright
39:02 Chemistry
37:45 Elite Genoese Crossbowman
41:02 Ring Archer Armor
41:46 Fortified Wall
41:53 Arrowslits
42:29 Caravan
43:16 Coinage
43:47 Guilds
44:19 Scale Barding Armor
44:26 Forging
45:16 Crop Rotation
45:32 Bloodlines
45:23 Husbandry
44:43 Light Cavalry
47:49 Hoardings
48:54 Treadmill Crane
Connection lost

Rejoining the realm…

Still unreachable

The connection could not be restored.

Session expired

The server has moved on; the page needs a fresh start.